 Dungeon Crawl Stone Soup version 0.27.1-34-g3ba077fa99 (webtiles) character file.

Game seed: 15457907089486492594

10401 pkoi the Martial Artist (level 11, -4/89 HPs)
             Began as a Green Draconian Monk on Jan 2, 2022.
             Was a High Priest of Dithmenos.
             Slain by a dream sheep (29 damage)
             ... led by a torpor snail
             ... on level 1 of the Lair of Beasts on Jan 3, 2022.
             The game lasted 00:31:50 (16488 turns).

pkoi the Martial Artist (Green Draconian Monk)     Turns: 16488, Time: 00:31:50

Health: -4/89      AC: 14    Str: 13    XL:     11   Next: 35%
Magic:  15/15      EV: 18    Int: 13    God:    Dithmenos [*****.]
Gold:   576        SH:  0    Dex: 15    Spells: 14/16 levels left

rFire    + . .     SeeInvis .     - Unarmed
rCold    + . .     Faith    .   (no shield)
rNeg     . . .     Spirit   .   (armour unavailable)
rPois    +         Reflect  .   (helmet restricted)
rElec    +         Harm     .   z - scarf {rC+ rF+}
rCorr    .         Rampage  .   E - +0 pair of gloves
Will     .....                  c - +1 pair of boots
Stlth    +++.......             (no amulet)
HPRegen  0.24/turn              h - +4 ring of protection
MPRegen  0.14/turn              y - +4 ring of evasion

@: sleeping, wreathed by umbra, studying Evocations
A: breathe noxious fumes, AC +7, unfitting armour, poison resistance,
cold-blooded, electricity resistance
a: Breathe Noxious Fumes, Renounce Religion, Shadow Step, Shadow Form


You were on level 1 of the Lair of Beasts.
You worshipped Dithmenos.
Dithmenos was extremely pleased with you.
You visited 3 branches of the dungeon, and saw 13 of its levels.
You also visited: Ossuary.

You collected 576 gold pieces.

Inventory:

Hand Weapons
 j - a +2 mace of electrocution
 n - a +2 short sword of electrocution
Missiles
 e - a throwing net
 l - 65 poisoned darts
 p - 6 datura-tipped darts
 C - a curare-tipped dart
Armour
 c - a +1 pair of boots (worn)
 z - a scarf of resistance (worn)
 E - a +0 pair of gloves (worn)
Jewellery
 h - a +4 ring of protection (left hand)
 m - a ring of protection from cold
 x - a ring of willpower
 y - a +4 ring of evasion (right hand)
 D - an amulet of magic regeneration
Wands
 b - a wand of charming (3)
 s - a wand of flame (24)
 w - a wand of iceblast (15)
 A - a wand of digging (3)
Scrolls
 i - 4 scrolls of identify
 u - 6 scrolls of teleportation
 v - 2 scrolls of fear
 F - a scroll of enchant weapon
Potions
 a - 3 potions of flight
 d - 2 potions of might
 f - 4 potions of lignification
 k - 4 potions of heal wounds
 o - a potion of brilliance
 q - 7 potions of curing
 r - a potion of berserk rage
 t - a potion of cancellation
 B - a potion of resistance


   Skills:
 - Level 6.0 Fighting
 - Level 6.0 Dodging
 - Level 3.0 Stealth
 * Level 13.5 Unarmed Combat
 - Level 3.0 Spellcasting
 + Level 4.1 Air Magic
 + Level 5.0 Poison Magic
 - Level 3.2 Invocations
 + Level 4.0 Evocations


You had 14 spell levels left.
You knew the following spells:

 Your Spells              Type           Power      Damage    Failure   Level
a - Poisonous Vapours     Pois/Air       26%        N/A       5%          2

Your spell library contained the following spells:

 Spells                   Type           Power      Damage    Failure   Level
 Sting                    Tmut/Pois      32%        1d4       9%          1
 Corpse Rot               Necr/Air       N/A        N/A       16%         2
 Static Discharge         Conj/Air       7%         N/A       16%         2
 Animate Skeleton         Necr           2%         N/A       22%         1
 Apportation              Tloc           2%         N/A       22%         1
 Corona                   Hex            1%         N/A       22%         1
 Pain                     Necr           4%         1d4       22%         1
 Sandblast                Erth           2%         2d4       22%         1
 Summon Small Mammal      Summ           4%         N/A       22%         1
 Olgreb's Toxic Radiance  Pois           14%        N/A       28%         4
 Passwall                 Tmut/Erth      0%         N/A       34%         2
 Vampiric Draining        Necr           0%         2d6       56%         3
 Dispel Undead            Necr           1%         3d6       92%         4
 Petrify                  Tmut/Erth      1%         N/A       92%         4
 Lightning Bolt           Conj/Air       3%         1d15      95%         5
 Lee's Rapid Deconstruct  Erth           0%         3d5*      99%         5
 Metabolic Englaciation   Hex/Ice        0%         N/A       99%         5
 Death Channel            Necr           0%         N/A       100%        6
 Statue Form              Tmut/Erth      0%         N/A       100%        6
 Maxwell's Capacitive Co  Air            6%         ∞         100%        8
 Chain Lightning          Conj/Air       3%         3d4       100%        9
 Fire Storm               Conj/Fire      0%         6d1       100%        9


Dungeon Overview and Level Annotations

Branches:
Dungeon (10/15)            Temple (1/1) D:6            Lair (2/6) D:9
Ossuary (visited)
  Swamp: Lair:2-4    Shoals: Lair:2-4     Snake: Lair:2-4    Spider: Lair:2-4
    Orc: D:9-12

Altars:
Cheibriados
Dithmenos
Elyvilon
Fedhas
Gozag
Hepliaklqana
Kikubaaqudgha
Makhleb
Okawaru
Qazlal
Ru
Sif Muna
Trog
Uskayaw
Vehumet
Wu Jian
Xom
Yredelemnul
Zin
The Shining One
Lugonu

Shops:
D:1 (

Annotations:
D:7 2 runed translucent doors
Lair:1 exclusion: oklob plant


Innate Abilities, Weirdness & Mutations

You can breathe blasts of noxious fumes.
Your lurid green scales are hard. (AC +7)
You cannot fit into any form of body armour.
Your system is resistant to poisons. (rPois)
You are cold-blooded and may be slowed by cold attacks.
You are resistant to electric shocks. (rElec)


Message History

Your Poison Magic skill increases to level 5!
Your Evocations skill increases to level 4!
The torpor snail bites you!!!
You wake up.
You emit a cloud of dark smoke.
The dream sheep bleats! x2
You feel yourself speed up.
Being near the torpor snail leaves you feeling lethargic.
The dream sheep shake their wool and sparkle.
You feel drowsy...
You fall asleep.
The dream sheep bites you!
You wake up.
* * * LOW HITPOINT WARNING * * *
The dream sheep barely misses you.
The dream sheep bites you but does no damage.
The dream sheep closely misses you. The dream sheep barely misses you.
There is a stone staircase leading up, spattered with blood here.
The dream sheep barely misses you.
The dream sheep bites you but does no damage.
The dream sheep barely misses you.
The dream sheep shake their wool and sparkle.
You feel drowsy...
You fall asleep.
The dream sheep bites you!
You wake up.
* * * LOW HITPOINT WARNING * * *
You climb upwards.
Level annotation: exclusion: oklob plant You feel yourself speed up.
There is a stone staircase leading down here.
Unknown command.
Unknown command.
The dream sheep misses you.
The dream sheep bites you but does no damage.
The dream sheep closely misses you.
You see here a yak skeleton.
The dream sheep bites you.
* * * LOW HITPOINT WARNING * * *
The dream sheep ruffle their wool and motes of dream dust sparkle, to no effect.
The dream sheep shake their wool and sparkle.
You feel drowsy...
You fall asleep.
The dream sheep barely misses you. x4
The dream sheep completely misses you. The dream sheep bites you!!
You die...

..##.##.......#..###
....#####.......## ###
#P...# #######..## ####.#
##...# ##.#.###....# ##..#
#......>#...# #...#
####.#..Y.....# #...##
##P#####......### #....#
#....###........# ####..#
###.[...@YY....#.##
#####.###.....P##Y...#.###
#..........##.##########
.≈≈.......P####
♣♣≈≈.♣♣♣..## .♣♣≈.♣♣.♣.#
♣♣≈≈♣♣...♣# ♣.≈♣♣♣..♣♣♣
♣♣≈≈.♣..♣.#


You could see 3 dream sheep.

Vanquished Creatures
  A two-headed ogre (D:7)
  Pikel (D:9)
  A deep elf zephyrmancer (D:8)
  2 cane toads
  Psyche (D:9)
  Prince Ribbit (D:7)
  A hornet (D:8)
  A dream sheep (Lair:2)
  A wyvern (D:5)
  17 yaks
  2 steam dragons
  2 wargs (D:9)
  5 water moccasins
  A sky beast (Temple)
  2 black bears
  3 orc warriors
  4 ogres
  3 wolves (D:9)
  A centaur (D:7)
  2 lemures (D:9)
  6 elf zombies
  3 bullfrogs
  A kobold brigand (D:9)
  2 gnoll sergeants (D:8)
  A wyvern zombie (D:6)
  3 scorpions
  A water moccasin zombie (D:6)
  6 killer bees
  A water moccasin skeleton (D:7)
  4 wights (D:9)
  A howler monkey (D:9)
  6 jellies
  A bullfrog zombie (D:6)
  2 centaur zombies (Ossuary)
  5 hounds
  5 orc priests
  2 bullfrog skeletons
  Jessica (D:3)
  2 human skeletons (D:8)
  3 iguanas
  9 orc wizards
  2 mummies (Ossuary)
  Robin (D:3)
  14 gnolls
  6 adders
  4 white imps
  An adder skeleton (D:5)
  3 worms
  6 dart slugs
  19 orcs
  20 endoplasms
  2 giant cockroaches
  13 goblins
  9 hobgoblins
  4 jackals (D:4)
  9 kobolds
  7 quokkas
  5 ball pythons
  2 bats
  6 frilled lizards
  A goblin zombie (Ossuary)
  8 hobgoblin zombies (Ossuary)
  2 jackal zombies (Ossuary)
  9 kobold zombies (Ossuary)
  11 orc zombies
  6 rats
  2 rat zombies (Ossuary)
289 creatures vanquished.

Vanquished Creatures (collateral kills)
  An iguana (D:5)
1 creature vanquished.

Vanquished Creatures (others)
  A howler monkey (D:7)
  An orc wizard (D:6)
  An orc (D:6)
  11 fungi (Lair:1)
  22 plants
36 creatures vanquished.

Grand Total: 326 creatures vanquished

Notes
Turn   | Place    | Note
-------+----------+-------------------------------------------
     0 | D:1      | pkoi the Draconian Monk began the quest for the Orb.
     0 | D:1      | Reached XP level 1. HP: 19/19 MP: 1/1
   114 | D:1      | Found Onot's Antique Weapon Shop.
   329 | D:1      | Reached XP level 2. HP: 26/26 MP: 2/2
   726 | D:1      | Reached XP level 3. HP: 29/31 MP: 3/3
  1252 | D:2      | Reached skill level 4 in Unarmed Combat
  1299 | D:1      | Reached XP level 4. HP: 28/40 MP: 4/4
  2041 | D:2      | Found a faded altar of an unknown god.
  2129 | D:3      | Gained mutation: You are resistant to electric shocks.
                  | (rElec) [potion of mutation]
  2507 | D:3      | Noticed Jessica
  2526 | D:3      | Killed Jessica
  2527 | D:3      | Reached XP level 5. HP: 37/46 MP: 5/5
  2742 | D:3      | Noticed Robin
  3073 | D:3      | Killed Robin
  3102 | D:4      | Noticed a black bear
  3339 | D:4      | HP: 1/47 [acid (8)]
  3346 | D:4      | Reached skill level 5 in Unarmed Combat
  3346 | D:4      | Reached skill level 1 in Evocations
  3781 | D:4      | Reached XP level 6. HP: 52/53 MP: 6/6
  4410 | D:5      | Entered Level 5 of the Dungeon
  4444 | D:5      | Noticed a wyvern
  4605 | D:5      | Reached skill level 5 in Fighting
  4640 | D:5      | Your scales start taking on a lurid green colour.
  4640 | D:5      | Reached XP level 7. HP: 52/61 MP: 7/7
  4640 | D:5      | Gained mutation: Your system is resistant to poisons.
                  | (rPois) [Green Draconian growth]
  4762 | D:5      | Reached skill level 6 in Unarmed Combat
  4886 | D:5      | Found a burning altar of Makhleb.
  5256 | D:5      | Killed a wyvern
  5983 | D:6      | Reached XP level 8. HP: 67/70 MP: 8/8
  6061 | D:6      | Found a staircase to the Ecumenical Temple.
  6077 | Temple   | Entered the Ecumenical Temple
  6225 | Temple   | Became a worshipper of Dithmenos the Shadowed
  6225 | Temple   | Reached * piety under Dithmenos
  6225 | Temple   | Reached ** piety under Dithmenos
  6297 | D:5      | Reached skill level 7 in Unarmed Combat
  6806 | Temple   | Reached skill level 5 in Dodging
  7187 | D:6      | Reached skill level 8 in Unarmed Combat
  7285 | D:6      | Noticed a white ugly thing
  7416 | D:7      | Noticed Prince Ribbit
  7477 | D:7      | Killed Prince Ribbit
  7478 | D:7      | Reached skill level 9 in Unarmed Combat
  7478 | D:7      | Reached XP level 9. HP: 71/75 MP: 9/9
  7546 | D:7      | Found a large runed translucent door.
  7547 | D:7      | Found a large runed translucent door.
  7551 | D:7      | Found a corrupted altar of Lugonu.
  7940 | D:7      | Noticed a two-headed ogre
  7965 | D:7      | Killed a two-headed ogre
  7966 | D:7      | Reached skill level 10 in Unarmed Combat
  8213 | D:7      | Reached skill level 11 in Unarmed Combat
  8737 | D:7      | Found a radiant altar of Vehumet.
  8737 | D:7      | Found a faded altar of an unknown god.
  8744 | D:7      | Found a basalt altar of Yredelemnul.
  8746 | D:7      | Found a faded altar of an unknown god.
  8748 | D:7      | Found an iron altar of Okawaru.
  8857 | D:7      | Identified the +8 short sword of Destiny {distort, Will-
                  | MP-9 Int+9}
  8939 | D:8      | Found a stormy altar of Qazlal.
  9062 | D:8      | Found a sand-covered staircase.
  9075 | Ossuary  | Entered an ossuary
  9130 | Ossuary  | Reached *** piety under Dithmenos
  9208 | Ossuary  | Reached skill level 1 in Invocations
  9605 | D:8      | Reached XP level 10. HP: 73/83 MP: 11/11
  9618 | D:8      | Reached skill level 12 in Unarmed Combat
  9948 | D:8      | Noticed a deep elf zephyrmancer
  9956 | D:8      | Killed a deep elf zephyrmancer
  9973 | D:8      | Learned a level 2 spell: Poisonous Vapours
 10123 | D:9      | Found a blossoming altar of Fedhas.
 10353 | D:9      | Reached **** piety under Dithmenos
 10407 | D:8      | Reached skill level 1 in Poison Magic
 10954 | D:8      | Reached skill level 1 in Spellcasting
 10954 | D:8      | Reached skill level 1 in Air Magic
 11040 | D:9      | Noticed Psyche
 11053 | D:9      | Killed Psyche
 12940 | D:9      | Found a staircase to the Lair.
 12955 | D:9      | Found a glowing golden altar of the Shining One.
 13334 | D:9      | Noticed Pikel
 13373 | D:9      | Killed Pikel
 14152 | D:10     | Entered Level 10 of the Dungeon
 14183 | Lair:1   | Entered Level 1 of the Lair of Beasts
 14196 | D:9      | Reached skill level 13 in Unarmed Combat
 14652 | Lair:1   | Noticed a cane toad
 14684 | D:9      | Reached XP level 11. HP: 71/89 MP: 15/15
 15341 | Lair:1   | Identified a scroll of acquirement
 15341 | Lair:1   | Acquired a manual of Evocations
 15629 | Lair:1   | Noticed an oklob plant
 16337 | Lair:1   | Reached ***** piety under Dithmenos
 16466 | Lair:2   | Reached skill level 5 in Poison Magic
 16488 | Lair:1   | Slain by a dream sheep

Illustrated notes

Levels and vault maps discovered:
D:1:      sevenhm_arrival_forest_fort_small_5, layout_basic, serial_shops,
          nicolae_shop_behind_doors
D:2:      layout_basic, shapermc_ecumenical_altar_hornbeckon, hex_medium
D:3:      layout_basic, portal_sewer_entry_d, uniq_jessica, uniq_robin
D:4:      layout_gridville, minmay_splitting_lines,
          chequers_serial_rivers_micro_e
D:5:      layout_loops_ring, nicolae_overflow_hidden_temple
D:6:      cheibrodos_fzero, layout_basic, minmay_temple_entry_glass,
          ebering_ghost_disaster_area
D:7:      due_chaos_kobolds, layout_rooms, chequers_temple_overflow_minitemple,
          uniq_prince_ribbit1
D:8:      layout_basic, mainiacjoe_overflow_small_starburst,
          nicolae_ossuary_entry_catacombs, guppyfry_early_elven_hall
D:9:      layout_layer_cave, kennysheep_mini, mainiacjoe_overflow_cross_hatched,
          erik_lair_orcish_takeover, kennysheep_generic_room_12, uniq_psyche,
          uniq_pikel
D:10:     layout_basic, jmf_multi_god_temple
Temple:   dshaligram_water_room_temple
Lair:1:   lemuel_slime, layout_misc_corridors, gauntlet_entry_generic,
          guppyfry_lair_drakes, grunt_megastairs_3
Lair:2:   nzn_winding_woodlands_medium [nzn_winding_woodlands_5x5_default,
          nzn_winding_woodlands_5x15_longhouse,
          nzn_winding_woodlands_5x5_perimeter, nzn_winding_woodlands_5x5_three,
          nzn_winding_woodlands_center_diamonds,
          nzn_winding_woodlands_5x5_closed_star,
          nzn_winding_woodlands_hourglass, nzn_winding_woodlands_5x15_jagged,
          nzn_winding_woodlands_5x5_default], layout_hall_layers,
          guppyfry_snake_entry_island, uniq_urug

Skill      XL: |  1  2  3  4  5  6  7  8  9 10 11 |
---------------+----------------------------------+-----
Dodging        | 3 4 6 |  6.0
Unarmed Combat | 4 5 6 9 11 13 | 13.5
Fighting       | 4 5 6 |  6.0
Evocations     | 1 2 3 4 |  4.0
Invocations    | 2 3 |  3.2
Poison Magic   | 3 5 |  5.0
Spellcasting   | 2 3 |  3.0
Air Magic      | 3 4 |  4.1
Stealth        | 3 |  3.0

Action                   |  1- 3 |  4- 6 |  7- 9 | 10-12 || total
-------------------------+-------+-------+-------+-------++-------
Melee: Unarmed           |   131 |   257 |   392 |   326 ||  1106
       Tailslap          |    16 |    41 |    53 |    46 ||   156
       Punch             |       |     3 |    23 |    27 ||    53
Throw: Dart              |       |     8 |       |       ||     8
 Cast: Poisonous Vapours |       |       |       |    75 ||    75
 Abil: Breathe Noxious F |       |       |    12 |    19 ||    31
Evoke: Wand              |       |     2 |       |       ||     2
  Use: Potion            |       |     5 |       |       ||     5
       Scroll            |       |     5 |     5 |     7 ||    17
 Stab: Sleeping          |     3 |     6 |     7 |     2 ||    18
       Betrayed ally     |       |     1 |       |       ||     1
       Confused          |       |       |    16 |    19 ||    35
Armor: Skin              |    37 |    91 |   149 |    80 ||   357
Dodge: Dodged            |    66 |   151 |   302 |   251 ||   770
